 Dungeon Crawl Stone Soup version 0.29.1-12-g30fa7ad0bf (webtiles) character file.

Game seed: 6577694573464096837

404 soggyman666 the Chopper (level 6, 0/79 HPs)
             Began as a Minotaur Fighter on Dec 13, 2022.
             Was an Initiate of Trog.
             Slain by a gnoll
             ... wielding a +0 halberd
             ... led by a gnoll bouda
              (3 damage)
             ... on level 4 of the Dungeon.
             The game lasted 00:08:16 (2937 turns).

soggyman666 the Chopper (Minotaur Fighter)          Turns: 2937, Time: 00:08:18

Health: 0/79       AC: 12    Str: 23    XL:     6   Next: 56%
Magic:  5/5        EV:  8    Int:  5    God:    Trog [......]
Gold:   223        SH:  4    Dex:  9    Spells: 5/5 levels left

rFire   . . .      SeeInvis .   s - +1 hand axe (vamp)
rCold   . . .      Faith    +   c - +0 buckler
rNeg    . . .      Spirit   .   e - +0 chain mail
rPois   .          Reflect  .   (helmet restricted)
rElec   .          Harm     .   (no cloak)
rCorr   .          Rampage  .   m - +0 pair of gloves
Will    .....                   k - +0 pair of boots
Stlth   ..........              n - amulet of faith
HPRegen 0.23/turn               (no ring)
MPRegen 0.09/turn               (no ring)

@: berserking, very quick
A: horns 2, retaliatory headbutt
a: Renounce Religion


You were on level 4 of the Dungeon.
You worshipped Trog.
Trog was noncommittal.
You visited 1 branch of the dungeon, and saw 4 of its levels.

You collected 223 gold pieces.

Inventory:

Hand Weapons
 a - a +0 war axe
 q - a +2 flail of holy wrath
 s - a +1 vampiric hand axe (weapon)
 w - a +2 hammer of draining
Armour
 c - a +0 buckler (worn)
 e - a +0 chain mail (worn)
 k - a +0 pair of boots (worn)
 m - a +0 pair of gloves (worn)
Jewellery
 n - an amulet of faith (around neck)
Wands
 v - a wand of light (10)
Scrolls
 b - 2 scrolls of fear
 d - a scroll of identify
 l - a scroll of butterflies
 o - 2 scrolls of amnesia {unknown}
 p - a scroll of blinking {unknown}
 r - 3 scrolls of teleportation {unknown}
 t - 2 scrolls of poison {unknown}
Potions
 f - 2 potions of cancellation {unknown}
 h - 3 potions of attraction {unknown}
 i - 2 potions of ambrosia {unknown}
 j - 3 potions of brilliance {unknown}
 u - a potion of degeneration {unknown}


   Skills:
 + Level 4.6 Fighting
 + Level 5.8 Axes
 + Level 5.3 Armour
 + Level 0.7 Dodging
 + Level 0.1 Stealth
 + Level 4.3 Shields
 * Level 1.6 Evocations


You had 5 spell levels left.
You didn't know any spells.
Your spell library was empty.

Dungeon Overview and Level Annotations

Branches:
Dungeon (4/15)
 Temple: D:4-7

Altars:
Okawaru
Trog
Uskayaw

Shops:
D:4 =


Innate Abilities, Weirdness & Mutations

You have a pair of horns on your head.
You reflexively headbutt those who attack you in melee.


Message History

Trog accepts your kill. The gnoll barely misses you. You furiously retaliate!
You headbutt the gnoll, but do no damage.
The gnoll bouda hits you but does no damage.
The gnoll hits you from afar with a +0 spear.
The gnoll closely misses you.
You hit the gnoll bouda.
The gnoll bouda is heavily wounded.
You hit the gnoll. The gnoll hits you but does no damage.
The gnoll bouda hits you but does no damage.
The gnoll hits you but does no damage.
The gnoll hits you from afar with a +0 halberd.
Unknown command.
You closely miss the gnoll bouda.
The gnoll bouda is heavily wounded.
You completely miss the gnoll.
Your attacks no longer feel as feeble.
The gnoll closely misses you.
The gnoll bouda hits you with a +0 whip!
* * * LOW HITPOINT WARNING * * *
The gnoll hits you from afar with a +0 spear.
* * * LOW HITPOINT WARNING * * *
The gnoll closely misses you. x2
You barely miss the gnoll bouda. You headbutt the gnoll bouda!
The gnoll bouda is almost dead.
You hit the gnoll.
You feel better.
You kill the gnoll!
Trog accepts your kill.
You can now go berserk at will.
You block the gnoll bouda's attack. The gnoll misses you.
The gnoll hits you from afar with a +0 halberd.
* * * LOW HITPOINT WARNING * * *
The gnoll bouda prays to its god.
The gnoll bouda is healed somewhat.
A red film seems to cover your vision as you go berserk!
You feel yourself moving faster!
You feel mighty!
You can no longer go berserk at will.
The gnoll hits you from afar with a +0 spear.
* * * LOW HITPOINT WARNING * * *
The gnoll hits you from afar with a +0 halberd.
You die...

....... #.......
##....... # ###
##.#.......#
##.#####......##...
##$..##............
#.....#....$.......
###....!......)<####
#.........#..g@##
##.........#...)).# .
#..........#..##gg# .
##.........##... ..).
....
#...........#.####....
#... #..........###
...## #.##...
............# ..##
##.##... .............
..# #...#>..
....###..... ....
#...#.>.


You could see a gnoll bouda and 2 gnolls.

Vanquished Creatures
  An ice beast (D:4)
  A scorpion (D:4)
  A hound (D:4)
  A jelly (D:3)
  Crazy Yiuf (D:3)
  An orc wizard (D:3)
  3 gnolls (D:4)
  4 adders
  2 dart slugs
  5 orcs
  6 ball pythons
  4 endoplasms
  2 goblins (D:2)
  4 hobgoblins
  11 jackals
  4 quokkas
  2 frilled lizards (D:2)
  6 kobolds
  5 rats
64 creatures vanquished.

Notes
Turn   | Place    | Note
-------+----------+-------------------------------------------
     0 | D:1      | soggyman666 the Minotaur Fighter began the quest for the
                  | Orb.
     0 | D:1      | Reached XP level 1. HP: 19/19 MP: 0/0
   188 | D:1      | Reached XP level 2. HP: 26/27 MP: 1/1
   940 | D:2      | Reached XP level 3. HP: 33/33 MP: 2/2
  1350 | D:3      | Found an iron altar of Okawaru.
  1474 | D:3      | Reached XP level 4. HP: 40/40 MP: 3/3
  1529 | D:3      | Found a faded altar of an unknown god.
  1598 | D:3      | Found a runed translucent door.
  1704 | D:3      | Found a bloodstained altar of Trog.
  1807 | D:3      | Became a worshipper of Trog the Wrathful
  1965 | D:3      | Found a hide-covered altar of Uskayaw.
  1975 | D:3      | Reached XP level 5. HP: 47/47 MP: 4/4
  2263 | D:3      | Noticed Crazy Yiuf
  2273 | D:3      | Killed Crazy Yiuf
  2371 | D:4      | Noticed an ice beast
  2385 | D:4      | Killed an ice beast
  2386 | D:4      | Reached skill level 5 in Axes
  2386 | D:4      | Reached skill level 5 in Armour
  2663 | D:4      | Found Qaetumaa's Jewellery Shop.
  2691 | D:4      | Reached XP level 6. HP: 52/52 MP: 5/5
  2841 | D:4      | Reached skill level 1 in Evocations
  2936 | D:4      | Reached * piety under Trog
  2937 | D:4      | HP: 3/79 [gnoll/+0 spear[a gnoll bouda] (1)]
  2937 | D:4      | Slain by a gnoll

Illustrated notes

Levels and vault maps discovered:
D:1:      dpeg_arrival_arbitrary_b, layout_basic
D:2:      layout_loops_ring
D:3:      layout_loops_ring, lemuel_tele_altar, eat_drink_and_be_merry_uskayaw,
          okawaru_metal_pillars_3, hellmonk_ecumenical_altar_blasted,
          uniq_crazy_yiuf_cottage
D:4:      layout_cave_pools, tgw_sif, serial_shops, nicolae_diamond_shop

Skill      XL: |  1  2  3  4  5  6 |
---------------+-------------------+-----
Axes           | 3 4 5 |  5.8
Armour         | 4 5 |  5.3
Fighting       | 4 |  4.6
Shields        | 4 |  4.3
Evocations     | 1 |  1.6
Dodging        | |  0.7
Stealth        | |  0.1

Action                   |  1- 3 |  4- 6 || total
-------------------------+-------+-------++-------
Melee: War axe           |    58 |     7 ||    65
       Headbutt          |     3 |    13 ||    16
       Hand axe          |       |    84 ||    84
Invok: Berserk           |       |     1 ||     1
Evoke: Wand              |       |     1 ||     1
  Use: Scroll            |     5 |     1 ||     6
       Potion            |       |     1 ||     1
Armor: Chain mail        |    34 |    80 ||   114
Dodge: Dodged            |    32 |    39 ||    71
Block: Buckler           |    11 |    20 ||    31
